AoeStats
← ThunderboltX

Arabian Desert

510637445Analyzed
1v1 RM · 17h ago on Oct 1, 2026· 73m 53s· 2 players
Game mode
Random Map
Map size
Tiny (2 player)
Population
200
Speed
Normal
Resources
Standard
Victory
Conquest
Starting age
Dark Age
Ending age
Imperial Age
RankedLock teamsTeams togetherTeam positionsShared explorationLock speedFull tech treeHidden civsTurbo modeCheats
Victory
Defeat
🇩🇪 Jurchens · Germany
2712
+10
🇧🇬 Japanese · Bulgaria
2578
-10
ThunderboltX
5:45 Loom
8:23 Feudal Age
8:36 Man-at-Arms
9:43 Double-Bit Axe
15:05 Arson
16:04 Fletching
19:28 Bloodlines
21:18 Forging
22:56 Horse Collar
25:54 Wheelbarrow
29:44 Scale Mail Armor
34:08 Castle Age
33:24 Town Watch
33:49 Scale Barding Armor
34:50 Bodkin Arrow
35:59 Husbandry
36:47 Padded Archer Armor
43:19 Ballistics
47:27 Guard Tower
53:46 Treadmill Crane
54:37 Hand Cart
69:46 Elite Skirmisher
71:48 Bow Saw
76:48 Imperial Age
DS_StonePleaseAoE
6:03 Loom
8:25 Feudal Age
9:53 Double-Bit Axe
14:38 Wheelbarrow
15:48 Fletching
18:37 Padded Archer Armor
20:34 Horse Collar
22:01 Scale Barding Armor
24:11 Bloodlines
26:45 Forging
33:59 Castle Age
33:29 Stone Mining
33:31 Gold Mining
34:01 Light Cavalry
35:20 Chain Barding Armor
35:38 Elite Skirmisher
36:44 Bodkin Arrow
38:49 Leather Archer Armor
41:22 Ballistics
41:39 Bow Saw
43:14 Town Watch
43:44 Guard Tower
57:02 Imperial Age
55:26 Murder Holes
58:11 Bracer
60:28 Hand Cart
68:30 Chemistry
70:29 Ring Archer Armor
70:02 Husbandry
70:42 Heavy Plow
71:07 Conscription
72:02 Plate Barding Armor
72:03 Iron Casting
70:50 Hussar
72:11 Devotion
71:42 Heavy Cavalry Archer
73:29 Iron Casting
74:00 Gold Shaft Mining
74:17 Masonry
75:33 Blast Furnace
Connection lost

Rejoining the realm…

Still unreachable

The connection could not be restored.

Session expired

The server has moved on; the page needs a fresh start.